 Dungeon Sprint DCSS version 0.17.1-1-g73c8601 (webtiles) character file.

422 Ponchio the Destroyer (level 6, -1/32 HPs)
             Began as a Deep Elf Fire Elementalist on Dec 25, 2015.
             Was a Believer of Vehumet.
             Slain by a spriggan (shapeshifter)
             ... wielding the +5 demon whip "Spellbinder" {antimagic, MR+}
              (9 damage)
             ... in the Dungeon (Sprint V: "Ziggurat Sprint").
             The game lasted 00:03:54 (112 turns).

Ponchio the Destroyer (Deep Elf Fire Elementalist)   Turns: 112, Time: 00:03:54

Health: -1/32      AC: 25    Str:  5    XL:     6   Next: 63%
Magic:  10/20      EV: -4    Int: 28    God:    Vehumet [**....]
Gold:   0          SH:  0    Dex: 27    Spells: 1 memorised, 10 levels left

rFire  . . .     SeeInvis .     I - +6 Majin-Bo {vamp, Archmagi MP+6 Int+6}
rCold  . . .     Clarity  .     J - +15 Maxwell's patent armour {-Cast -Tele rElec MR+ rCorr}
rNeg   . . .     SustAt   .     (shield currently unavailable)
rPois  .         Gourm    .     (no helmet)
rElec  +         Spirit   .     (no cloak)
rCorr  +         Warding  .     (no gloves)
rMut   .         NoTele   +     (no boots)
MR     +....     NoCast   +     (no amulet)
Stlth  ..........               z - +6 ring of dexterity
                                y - +6 ring of dexterity

@: somewhat resistant to hostile enchantments, extremely unstealthy
A: no striking features
a: Renounce Religion


You were in the Dungeon.
You worshipped Vehumet.
Vehumet was pleased with you.
You were not hungry.

You visited 1 branch

Inventory:

Hand Weapons
 I - the +6 Majin-Bo (weapon) {vamp, Archmagi MP+6 Int+6}
   (You found it in the Dungeon)

   It inflicts no extra harm, but heals its wielder somewhat when it strikes a
   living foe.
   It affects your intelligence (+6).
   It affects your magic capacity (+6).
Armour
 a - a +0 robe
 J - the +15 Maxwell's patent armour (worn) {-Cast -Tele rElec MR+ rCorr}
   (You found it in the Dungeon)

   It insulates you from electricity.
   It affects your resistance to hostile enchantments.
   It prevents spellcasting.
   It prevents most forms of teleportation.
   It protects you from acid and corrosion.
Jewellery
 y - a +6 ring of dexterity (left hand)
 z - a +6 ring of dexterity (right hand)
 A - a +6 ring of intelligence
 B - a +6 ring of intelligence
 C - a +6 ring of strength
 D - a +6 ring of strength
Wands
 E - a wand of disintegration (2)
 F - a wand of fire (2)
 G - a wand of cold (5)
 H - a wand of draining (4)
Scrolls
 i - 4 scrolls of blinking
 p - 4 scrolls of amnesia
 q - 3 scrolls of recharging
 r - 7 scrolls of fog
 s - a scroll of holy word
 t - 5 scrolls of identify
 u - 5 scrolls of remove curse
 v - 2 scrolls of fear
Potions
 d - 10 potions of curing
 e - 10 potions of heal wounds
 f - 6 potions of haste
 g - 7 potions of magic
 h - 3 potions of berserk rage
 j - 2 potions of brilliance
 k - 2 potions of invisibility
 l - 4 potions of resistance
 n - 5 potions of agility
 o - 5 potions of might
Books
 b - a book of Flames

   Spells                             Type                      Level
   a - Flame Tongue                   Conjuration/Fire             1
   b - Throw Flame                    Conjuration/Fire             2
   c - Conjure Flame                  Conjuration/Fire             3
   d - Inner Flame                    Hexes/Fire                   3
   e - Sticky Flame                   Conjuration/Fire             4
   f - Fireball                       Conjuration/Fire             5
Comestibles
 c - 5 bread rations
 w - 40 fruits
 x - 4 meat rations


   Skills:
 - Level 2.4 Dodging
 - Level 2.4 Stealth
 - Level 3.0 Spellcasting
 * Level 11.2 Conjurations
 + Level 8.7 Fire Magic
 - Level 8.0 Evocations


You had 10 spell levels left.
You knew the following spells:

 Your Spells              Type           Power        Failure   Level  Hunger
a - Flame Tongue          Conj/Fire      #####        100%        1    None


Dungeon Overview and Level Annotations

Branches:
Dungeon (1/1)

Altars:
Ashenzari
Cheibriados
Dithmenos
Elyvilon
Fedhas
Gozag
Kikubaaqudgha
Makhleb
Nemelex Xobeh
Okawaru
Qazlal
Ru
Sif Muna
Trog
Vehumet
Xom
Yredelemnul
Zin
The Shining One
Beogh
Jiyva
Lugonu


Message History

Your Fire Magic skill gained 5 levels and is now at level 8!
You have reached level 3!
Your experience leads to an increase in your attributes!
Your base attributes are Str 5, Int 19, Dex 15.
Increase (S)trength, (I)ntelligence, or (D)exterity?
You feel clever.
You have reached level 4!
You feel clever.
You have reached level 5!
You have reached level 6!
Your experience leads to an increase in your attributes!
Your base attributes are Str 5, Int 21, Dex 15.
Increase (S)trength, (I)ntelligence, or (D)exterity?
You feel clever.
The bolt of negative energy hits the deep elf summoner.
The deep elf summoner is drained!
The deep elf summoner is heavily wounded.
This wand has 4 charges left.
The spriggan hits you with the +5 demon whip "Spellbinder" {antimagic, MR+}!
You die...

▓▓▓▓▓▓▓▓▓▓▓▓▓▓▓▓▓▓▓
▓.8©8.▓.8©8.▓.8©8.▓
▓.=.).▓.)[|.▓.....▓
▓..}..▓.....▓.".[.▓
▓.....▓.....▓.....▓
▓..e..▓.....▓.....▓
▓.ie..▓..†..▓.....▓
▓..@..▓.....▓▓▓▓▓▓▓
▓▓▓▓▓▓▓▓▓▓▓▓▓


You could see a deep elf summoner, a deep elf mage and a spriggan.

Vanquished Creatures
  A hornet (shapeshifter) (D)
  An adder (D)
  An ufetubus (D)
  2 ball pythons (D)
  A bat zombie (D)
6 creatures vanquished.

Vanquished Creatures (others)
  A spatial maelstrom (D)
1 creature vanquished.

Grand Total: 7 creatures vanquished

Notes
Turn   | Place    | Note
--------------------------------------------------------------
     0 | D        | Ponchio the Deep Elf Fire Elementalist began the quest for the Orb.
     0 | D        | Reached XP level 1. HP: 10/10 MP: 6/6
     0 | D        | Found a roughly hewn altar of Beogh.
     0 | D        | Found a viscous altar of Jiyva.
     0 | D        | Found a corrupted altar of Lugonu.
     0 | D        | Found a white marble altar of Elyvilon.
     0 | D        | Found a sparkling altar of Nemelex Xobeh.
     1 | D        | Found a burning altar of Makhleb.
     1 | D        | Found an iron altar of Okawaru.
     1 | D        | Found a deep blue altar of Sif Muna.
     1 | D        | Found a radiant altar of Vehumet.
     1 | D        | Found a bloodstained altar of Trog.
     1 | D        | Found a shimmering altar of Xom.
     2 | D        | Banished a spatial maelstrom
    47 | D        | Became a worshipper of Vehumet
    77 | D        | Reached skill level 8 in Evocations
    77 | D        | Reached XP level 2. HP: 15/15 MP: 9/9
    92 | D        | Entered arena 1.
    99 | D        | Entered arena 2.
   100 | D        | Reached * piety under Vehumet
   100 | D        | Offered knowledge of Sting by Vehumet.
   108 | D        | Entered arena 3.
   108 | D        | Noticed a deep elf summoner
   108 | D        | Noticed a spriggan
   108 | D        | Noticed a hornet
   108 | D        | Noticed a deep elf mage
   112 | D        | Killed a hornet
   112 | D        | Reached ** piety under Vehumet
   112 | D        | Reached skill level 11 in Conjurations
   112 | D        | Reached XP level 3. HP: 5/19 MP: 9/10
   112 | D        | Reached XP level 4. HP: 6/24 MP: 10/12
   112 | D        | Reached XP level 5. HP: 7/28 MP: 10/13
   112 | D        | Reached XP level 6. HP: 8/32 MP: 10/14
   112 | D        | Slain by a spriggan (shapeshifter)

Action                   |  1- 3 |  4- 6 || total
-------------------------+-------+-------++-------
Evoke: Wand              |     8 |     1 ||     9
  Use: Potion            |     1 |       ||     1
  Eat: Fruit             |     2 |       ||     2
